 Dungeon Crawl Stone Soup version 0.23-a0-261-g133332c (console) character file.

18077 nht the Archer (level 12, -5/112 HPs)
             Began as a Centaur Warper on Sept 29, 2018.
             Was a High Priest of Okawaru.
             Slain by a phantasmal warrior (21 damage)
             ... led by a death knight
             ... on level 13 of the Dungeon.
             The game lasted 00:27:38 (14477 turns).

nht the Archer (Centaur Warper)                    Turns: 14477, Time: 00:27:39

Health: -5/112     AC: 11    Str: 22    XL:     12   Next: 24%
Magic:  0/18       EV:  7    Int: 12    God:    Okawaru [*****.]
Gold:   244        SH:  0    Dex:  8    Spells: 14/14 levels left

rFire    . . .     SeeInvis .   P - +2 shortbow (flame)
rCold    + . .     Gourm    .   (shield currently unavailable)
rNeg     . . .     Faith    .   Q - +0 troll leather armour
rPois    .         Spirit   +   s - +1 helmet
rElec    .         Reflect  .   g - scarf {Spirit}
rCorr    +         Harm     .   (no gloves)
MR       .....                  h - +0 centaur barding
Stlth    ..........             M - amulet of the acrobat
HPRegen  0.68/turn              l - ring of resist corrosion
MPRegen  0.16/turn              I - ring of wizardry

@: vulnerable, finesse, slowed
A: large, hooves 3, cold resistance 1, deformed body, speed 2, strong 1, tough
skin 3
a: Heroism, Finesse, Renounce Religion


You were on level 13 of the Dungeon.
You worshipped Okawaru.
Okawaru was extremely pleased with you.
You were not hungry.

You visited 2 branches of the dungeon, and saw 14 of its levels.

You collected 532 gold pieces.
You spent 288 gold pieces at shops.

Inventory:

Hand Weapons
 a - a +4 dagger
 b - a +0 shortbow
 J - the +0 arbalest of Linearity {freeze, +Fly Str+4}
   (You found it on level 8 of the Dungeon)

   It causes projectiles fired from it to freeze those they strike, causing
   extra injury to most foes and up to half again as much damage against
   particularly susceptible opponents.
   They can also slow down cold-blooded creatures.
   It affects your strength (+4).
   It lets you fly.
 P - a +2 shortbow of flaming (weapon)
Missiles
 d - 4 tomahawks of dispersal
 k - 221 arrows (quivered)
 p - 13 tomahawks
 w - 108 sling bullets
Armour
 g - a scarf of spirit shield (worn)
 h - a +0 centaur barding (worn)
 s - a +1 helmet (worn)
 B - the +1 cloak "Osacustro" {rF++}
   (Okawaru gifted it to you on level 10 of the Dungeon)

   It greatly protects you from fire.
 C - a +3 leather armour of magic resistance
 D - +0 acid dragon scales
 Q - a +0 troll leather armour (worn)
Magical Staves
 v - an uncursed staff of wizardry {unknown}
Jewellery
 l - a ring of resist corrosion (left hand)
 o - an uncursed ring of fire
 I - a ring of wizardry (right hand)
 M - an amulet of the acrobat (around neck)
Wands
 q - a wand of random effects (26)
 x - a wand of polymorph (21)
 H - a wand of flame (2)
Scrolls
 c - 3 scrolls of blinking
 n - 7 scrolls of remove curse
 t - 10 scrolls of identify
 y - a scroll of enchant weapon
 z - a scroll of enchant armour
 E - 3 scrolls of teleportation
 F - 2 scrolls of amnesia
 K - a scroll of fog
 L - 2 scrolls of magic mapping
Potions
 e - 4 potions of mutation
 i - 2 potions of heal wounds
 j - 5 potions of curing
 m - 2 potions of brilliance
 r - 3 potions of agility
 u - 5 potions of haste
 A - 3 potions of might
 G - a potion of lignification
 N - a potion of resistance {unknown}
Comestibles
 f - 32 rations
 O - 2 chunks of flesh


   Skills:
 - Level 12.0 Fighting
 - Level 14.0 Bows
 - Level 1.1 Throwing
 - Level 0.6 Armour
 - Level 1.3 Dodging
 + Level 9.2 Unarmed Combat
 - Level 1.5 Spellcasting
   Level 2.6 Translocations
 - Level 9.0 Invocations


You had 14 spell levels left.
You didn't know any spells.
Your spell library contained the following spells:

 Spells                   Type           Power        Failure   Level  Hunger
 Blink                    Tloc           N/A          7%          2    ###....
 Shroud of Golubria       Chrm/Tloc      #.........   12%         2    ###....
 Animate Skeleton         Necr           N/A          13%         1    ##.....
 Beastly Appendage        Tmut           #.....       13%         1    ##.....
 Infusion                 Chrm           #...         13%         1    ##.....
 Pain                     Necr           #...         13%         1    ##.....
 Gell's Gravitas          Tloc           #.........   13%         3    ####...
 Lesser Beckoning         Tloc           #.........   13%         3    ####...
 Teleport Other           Tloc           #.......     13%         3    ####...
 Song of Slaying          Chrm           #.......     21%         2    ###....
 Sticks to Snakes         Tmut           #.......     21%         2    ###....
 Regeneration             Chrm/Necr      #.........   36%         3    ####...
 Spectral Weapon          Hex/Chrm       #.......     36%         3    ####...
 Spider Form              Tmut/Pois      #.........   36%         3    ####...
 Vampiric Draining        Necr           #.........   36%         3    ####...
 Passage of Golubria      Tloc           N/A          38%         4    #####..
 Animate Dead             Necr           N/A          75%         4    #####..
 Ice Form                 Ice/Tmut       #.......     75%         4    #####..
 Blade Hands              Tmut           #.........   97%         5    ######.


Dungeon Overview and Level Annotations

Branches:
Dungeon (12/15)            Temple (1/1) D:4            Lair (0/6) D:8
    Orc (0/2) D:10

Altars:
Ashenzari
Cheibriados
Dithmenos
Elyvilon
Fedhas
Gozag
Hepliaklqana
Kikubaaqudgha
Makhleb
Nemelex Xobeh
Okawaru
Qazlal
Ru
Sif Muna
Trog
Uskayaw
Vehumet
Wu Jian
Xom
Yredelemnul
Zin
The Shining One

Shops:
D:8 !   D:9 ?


Innate Abilities, Weirdness & Mutations

You have hooves in place of feet.
Armour fits poorly on your strangely shaped body.
You cover ground very quickly.
You have extremely tough skin. (AC +3)
Your flesh is cold resistant. (rC+)
Your muscles are strong. (Str +2)


Message History

Firing (i - inventory. (/) - cycle)
k - 224 arrows (quivered)
Press: ? - help, Shift-Dir - straight line, f/p - phantasmal warrior
Aim: a phantasmal warrior (almost destroyed)
You shoot an arrow.
The arrow completely misses the phantasmal warrior.
The phantasmal warrior hits you.
* * * LOW HITPOINT WARNING * * *
Firing (i - inventory. (/) - cycle)
k - 223 arrows (quivered)
Press: ? - help, Shift-Dir - straight line, f/p - phantasmal warrior
Aim: a phantasmal warrior (almost destroyed)
You shoot an arrow.
The arrow hits the phantasmal warrior but does no damage.
The phantasmal warrior is almost destroyed.
Firing (i - inventory. (/) - cycle)
k - 222 arrows (quivered)
Press: ? - help, Shift-Dir - straight line, f/p - phantasmal warrior
Aim: a phantasmal warrior (almost destroyed)
You shoot an arrow.
The arrow barely misses the phantasmal warrior.
The phantasmal warrior hits you!!
You die...

█....)......█
█...[.......█
█...........█
█......)....█ █
█...........█ █.██
█.....(.....█ ....
█....)......█
████..█...........█
...((((@W.........█
.(((.$(....████████
█████......█
█......█ █......█
█......█ █......█
█......█


You could see a phantasmal warrior.

Vanquished Creatures
  Josephine (D:11)
  A death knight (D:13)
  2 two-headed ogres
  A skeletal warrior (D:13)
  A deep elf mage (D:11)
  A manticore (D:11)
  A cyclops (D:8)
  Joseph (D:7)
  A freezing wraith (D:13)
  2 trolls (D:11)
  A hippogriff (D:10)
  A spriggan (D:9)
  5 wraiths
  15 yaks
  Grum (D:8)
  A basilisk (D:11)
  6 wargs
  A water moccasin (D:8)
  2 sky beasts
  A swamp drake (D:12)
  A black bear (D:6)
  5 orc warriors
  An eye of draining (D:11)
  3 ice beasts
  2 phantoms
  4 wolves (D:8)
  3 necrophages
  4 ogres
  6 centaurs
  2 big kobolds
  9 bullfrogs
  4 scorpions
  2 water moccasin skeletons
  23 killer bees
  4 wights (D:9)
  4 howler monkeys
  6 crimson imps
  6 orc priests
  11 orc wizards
  8 hounds
  4 jellies
  4 bullfrog skeletons
  7 iguanas
  Jessica (D:3)
  11 worker ants
  A killer bee zombie (D:9)
  2 hound skeletons
  Robin (D:2)
  14 gnolls
  15 adders
  A shadow imp (D:7)
  3 oozes
  2 adder zombies
  3 worms
  2 dart slugs (D:1)
  8 leopard geckos
  31 orcs
  2 ball pythons
  11 bats
  3 giant cockroaches
  12 hobgoblins
  12 jackals
  16 kobolds
  6 quokkas
  9 frilled lizards
  13 goblins
  2 jackal skeletons
  A leopard gecko skeleton (D:7)
  10 rats
361 creatures vanquished.

Vanquished Creatures (collateral kills)
  A two-headed ogre (D:10)
  Sonja (D:11)
  A gargoyle (D:11)
  A queen bee (D:10)
  5 killer bees (D:10)
9 creatures vanquished.

Grand Total: 370 creatures vanquished

Notes
Turn   | Place    | Note
-------+----------+-------------------------------------------
     0 | D:1      | nht the Centaur Warper began the quest for the Orb.
     0 | D:1      | Reached XP level 1. HP: 17/17 MP: 3/3
   113 | D:1      | Reached XP level 2. HP: 17/25 MP: 4/4
   644 | D:1      | Reached XP level 3. HP: 25/31 MP: 3/5
   998 | D:2      | Found a burning altar of Makhleb.
  1000 | D:2      | Found a glowing silver altar of Zin.
  1000 | D:2      | Noticed an angel
  1002 | D:2      | Noticed a blizzard demon
  1199 | D:2      | Found a shattered altar of Ashenzari.
  1214 | D:2      | Noticed Robin
  1218 | D:2      | Gained mutation: Your flesh is cold resistant. (rC+)
                  | [potion of mutation]
  1218 | D:2      | Gained mutation: Your muscles are strong. (Str +2) [potion
                  | of mutation]
  1254 | D:2      | Reached XP level 4. HP: 17/41 MP: 1/6
  1257 | D:2      | Killed Robin
  1266 | D:2      | HP: 2/41 [poisoned by an adder]
  1499 | D:2      | Reached skill level 5 in Fighting
  1896 | D:3      | Reached XP level 5. HP: 37/48 MP: 5/7
  2299 | D:3      | Found an opulent altar of Gozag.
  2405 | D:3      | Noticed Jessica
  2412 | D:3      | Killed Jessica
  2427 | D:3      | Found a white marble altar of Elyvilon.
  2515 | D:3      | Found a faded altar of an unknown god.
  2960 | D:4      | Reached XP level 6. HP: 58/58 MP: 8/8
  3198 | D:4      | Found a basalt altar of Yredelemnul.
  4005 | D:4      | Found a staircase to the Ecumenical Temple.
  4231 | D:5      | Entered Level 5 of the Dungeon
  4291 | D:5      | Reached XP level 7. HP: 65/67 MP: 9/9
  4644 | D:5      | Reached skill level 1 in Bows
  4939 | D:5      | Reached skill level 2 in Bows
  4996 | D:5      | Reached skill level 3 in Bows
  5158 | D:5      | Found an ancient bone altar of Kikubaaqudgha.
  5231 | Temple   | Entered the Ecumenical Temple
  5288 | Temple   | Became a worshipper of Warmaster Okawaru
  5361 | D:6      | Reached skill level 4 in Bows
  5397 | D:5      | Reached skill level 5 in Bows
  5632 | D:6      | Reached XP level 8. HP: 75/75 MP: 10/10
  5636 | D:6      | Reached skill level 6 in Bows
  5737 | D:6      | Reached skill level 7 in Bows
  5824 | D:6      | Reached * piety under Okawaru
  6223 | D:6      | Reached skill level 8 in Bows
  6538 | D:7      | Reached skill level 9 in Bows
  6742 | D:7      | Found a deep blue altar of Sif Muna.
  6801 | D:7      | Reached skill level 10 in Bows
  6909 | D:7      | Reached ** piety under Okawaru
  6910 | D:7      | Reached XP level 9. HP: 82/82 MP: 11/11
  7021 | D:7      | Reached skill level 11 in Bows
  7103 | D:7      | Noticed Joseph
  7130 | D:7      | Killed Joseph
  7130 | D:7      | Reached skill level 12 in Bows
  7930 | D:8      | Reached skill level 13 in Bows
  7963 | D:8      | Reached *** piety under Okawaru
  8583 | D:7      | Reached skill level 14 in Bows
  8712 | D:7      | Reached skill level 1 in Invocations
  8912 | D:8      | Noticed Grum
  8964 | D:8      | Reached XP level 10. HP: 83/90 MP: 10/12
  8973 | D:8      | Killed Grum
  9055 | D:8      | Noticed a cyclops
  9067 | D:8      | Killed a cyclops
  9067 | D:8      | Received a gift from Okawaru
  9084 | D:8      | Found Alintaho's Distillery.
  9094 | D:8      | Bought a potion of agility for 48 gold pieces
  9094 | D:8      | Bought a potion of agility for 48 gold pieces
  9094 | D:8      | Bought a potion of heal wounds for 60 gold pieces
  9094 | D:8      | Bought a potion of lignification for 36 gold pieces
  9094 | D:8      | Bought a potion of lignification for 36 gold pieces
  9133 | D:8      | Found a bloodstained altar of Trog.
  9245 | D:8      | Found a sparkling altar of Nemelex Xobeh.
  9337 | D:8      | Found an ornate altar of the Wu Jian Council.
  9402 | D:8      | Found a staircase to the Lair.
  9629 | D:8      | Got a brightly glowing arbalest
  9631 | D:8      | Identified the +0 arbalest of Linearity {freeze, +Fly
                  | Str+4} (You found it on level 8 of the Dungeon)
  9642 | D:9      | Found Yfoow's Magic Scroll Shoppe.
  9647 | D:9      | Bought a scroll of fog for 22 gold pieces
  9647 | D:9      | Bought a scroll of magic mapping for 38 gold pieces
  9728 | D:9      | Reached **** piety under Okawaru
  9728 | D:9      | Received a gift from Okawaru
 10158 | D:9      | Reached skill level 5 in Invocations
 10295 | D:9      | Reached skill level 10 in Fighting
 10342 | D:9      | Received a gift from Okawaru
 10768 | D:10     | Entered Level 10 of the Dungeon
 11074 | D:10     | Noticed a two-headed ogre
 11085 | D:10     | Killed a two-headed ogre
 11085 | D:10     | Reached ***** piety under Okawaru
 11207 | D:10     | Received a gift from Okawaru
 11510 | D:10     | Reached XP level 11. HP: 81/101 MP: 16/16
 11642 | D:10     | Noticed a two-headed ogre
 11659 | D:10     | Killed a two-headed ogre
 11678 | D:10     | Received a gift from Okawaru
 11689 | D:10     | Got a faintly humming cloak {god gift}
 11729 | D:10     | Identified the +1 cloak "Osacustro" {rF++} (Okawaru gifted
                  | it to you on level 10 of the Dungeon)
 11990 | D:10     | Found a staircase to the Orcish Mines.
 13330 | D:11     | Found a shadowy altar of Dithmenos.
 13483 | D:11     | Noticed Sonja
 13502 | D:11     | omfg fuck off
 13504 | D:11     | Killed Sonja
 13648 | D:11     | Reached skill level 5 in Unarmed Combat
 13669 | D:11     | Noticed Josephine
 13738 | D:11     | Noticed a deep elf mage
 13744 | D:11     | Killed Josephine
 13744 | D:11     | Received a gift from Okawaru
 13760 | D:11     | Killed a deep elf mage
 13917 | D:11     | Received a gift from Okawaru
 14203 | D:12     | Reached XP level 12. HP: 112/112 MP: 18/18
 14315 | D:12     | Received a gift from Okawaru
 14368 | D:12     | You fall through a shaft!
 14368 | D:13     | Noticed a two-headed ogre
 14382 | D:13     | Killed a two-headed ogre
 14434 | D:13     | Received a gift from Okawaru
 14437 | D:13     | Noticed a death knight
 14451 | D:13     | Killed a death knight
 14477 | D:13     | Slain by a phantasmal warrior

Vault maps used:
D:1:      sevenhm_arrival_forest_fort_large_4
D:2:      grunt_temple_overflow_order_and_chaos_2, evilmike_ruin_ashenzari,
          uniq_robin
D:3:      nicolae_overflow_hidden_temple, chequers_ecumenical_altar_lobes,
          first_ration, elyvilon_altar_5, uniq_jessica
D:4:      minmay_temple_entry_nine_rooms, serial_column_ruins,
          column_ruins_open_tiny, column_ruins_columns_straight,
          column_ruins_open_tiny, column_ruins_columns_corner,
          column_ruins_columns_straight, column_ruins_corridor_plus,
          yredelemnul_altar_generic
D:5:      kiku_gazebo_garden_becter, kennysheep_potato
D:6:      hangedman_decor_lopped
D:7:      lemuel_blue_sif_altar, kennysheep_generic_room_8, uniq_joseph
D:8:      lemuel_coloured_pillars_altar, lemuel_doored_altar, marbit_many_paths,
          erik_lair_orcish_takeover, serial_shops, shop, uniq_grum
D:9:      serial_shops, shop, grunt_pizzeria, minmay_misc_feat_alley,
          dk_vineyard_1
D:10:     minmay_orc_entry_guard_dogs, special_room
D:11:     minmay_misc_feat_more_columns, corexii_hall_statues_x,
          kennysheep_pointless_box, grunt_dithmenos_smoke_and_mirrors,
          uniq_sonja, uniq_josephine
D:13:     david_vaults_4, portal_ice_cave_entry_animals_and_master,
          serial_shops, kennysheep_mini, uniq_rupert, uniq_urug
Temple:   cyrus_circular_temple

Skill      XL: |  1  2  3  4  5  6  7  8  9 10 11 12 |
---------------+-------------------------------------+-----
Fighting       | 3 4 5 6 7 8 10 12 | 12.0
Bows           | 5 10 14 | 14.0
Invocations    | 2 7 9 |  9.0
Unarmed Combat | 7 9 |  9.2
Throwing       | |  1.1
Armour         | |  0.6
Dodging        | |  1.3
Spellcasting   | |  1.5
Translocations | |  2.6

Action                   |  1- 3 |  4- 6 |  7- 9 | 10-12 || total
-------------------------+-------+-------+-------+-------++-------
Melee: Unarmed           |   182 |   116 |       |       ||   298
       Kick              |    23 |    48 |    39 |       ||   110
       Dagger            |       |   111 |   155 |       ||   266
       Punch             |       |       |     1 |       ||     1
 Fire: Shortbow          |       |       |   452 |   960 ||  1412
Throw: Tomahawk          |       |       |     1 |       ||     1
Invok: Heroism           |       |       |     1 |     1 ||     2
       Finesse           |       |       |       |     3 ||     3
Evoke: Wand              |       |       |     6 |    46 ||    52
       Box of beasts     |       |       |       |    14 ||    14
  Use: Scroll            |     1 |     9 |     4 |     5 ||    19
       Potion            |     5 |     3 |     4 |     3 ||    15
 Stab: Paralysed         |       |       |    13 |       ||    13
  Eat: Chunk             |       |     9 |    12 |    13 ||    34
Armor: Leather armour    |    91 |    83 |   150 |   141 ||   465
       Skin              |       |       |     2 |    39 ||    41
       Troll leather arm |       |       |       |    17 ||    17
Dodge: Dodged            |   112 |    97 |   184 |   109 ||   502

Table legend:
 A = Non-vault XP
 B = Vault XP
 C = Vault XP percentage of total XP
 D = Non-vault monster count
 E = Vault monster count
 F = Vault count percentage of total count
                 A         B        C        D         E       F
            +---------+---------+-------+---------+---------+-------
      Total |   19041 |    6784 |  26.3 |     304 |      66 |  17.8
            +---------+---------+-------+---------+---------+-------
        D:1 |      53 |       0 |   0.0 |      27 |       0 |   0.0
        D:2 |     103 |      37 |  26.4 |      24 |      12 |  33.3
        D:3 |     123 |      37 |  23.1 |      18 |       1 |   5.3
        D:4 |     283 |       0 |   0.0 |      23 |       0 |   0.0
        D:5 |     599 |      77 |  11.4 |      22 |       2 |   8.3
        D:6 |     805 |       0 |   0.0 |      18 |       0 |   0.0
        D:7 |    1519 |     669 |  30.6 |      36 |       4 |  10.0
        D:8 |    1291 |    1055 |  45.0 |      28 |      10 |  26.3
        D:9 |    1779 |     224 |  11.2 |      35 |       1 |   2.8
       D:10 |    2691 |    2211 |  45.1 |      23 |      29 |  55.8
       D:11 |    5053 |    2413 |  32.3 |      32 |       6 |  15.8
       D:12 |    1591 |      61 |   3.7 |      12 |       1 |   7.7
       D:13 |    3151 |       0 |   0.0 |       6 |       0 |   0.0
            +---------+---------+-------+---------+---------+-------
